 Dungeon Crawl Stone Soup version 0.20-a0-1117-g62da73f (webtiles) character file.

2146 Duffy the Blocker (level 9, -12/57 HPs)
             Began as a Formicid Fighter on May 10, 2017.
             Was a Believer of Makhleb.
             Mangled by a two-headed ogre
             ... wielding a +0 giant spiked club
              (13 damage)
             ... on level 8 of the Dungeon.
             The game lasted 00:06:13 (5171 turns).

Duffy the Blocker (Formicid Fighter)                Turns: 5171, Time: 00:06:14

Health: -12/57     AC:  7    Str: 23      XL:     9   Next: 56%
Magic:  9/9        EV:  8    Int:  8 (9)  God:    Makhleb [**....]
Gold:   326        SH: 12    Dex: 10      Spells: 8/8 levels left

rFire    + . .     SeeInvis +   a - +0 war axe
rCold    + . .     Gourm    .   c - +0 shield
rNeg     . . .     Faith    .   r - +0 chain mail
rPois    .         Spirit   .   (helmet unavailable)
rElec    .         Reflect  .   H - scarf {rC+ rF+}
rCorr    .         Harm     .   B - +0 pair of gloves
MR       .....                  (no boots)
Stlth    ..........             l - amulet of regeneration
Regen    0.6/turn               (no ring)
MPRegen  0.2/turn               (no ring)

@: flying
A: permanent stasis, dig shafts and tunnels, four strong arms, antennae 3, claws
1, deformed body, frail 1, high mp 1
a: Dig, Shaft Self, Minor Destruction, Renounce Religion


You were on level 8 of the Dungeon.
You worshipped Makhleb.
Makhleb was pleased with you.
You were not hungry.

You visited 2 branches of the dungeon, and saw 9 of its levels.

You collected 326 gold pieces.

Inventory:

Hand Weapons
 a - a +0 war axe (weapon)
Missiles
 b - 4 curare-tipped needles
Armour
 c - a +0 shield (worn)
 r - a +0 chain mail (worn)
 B - a +0 pair of gloves (worn)
 H - a scarf of resistance (worn)
Jewellery
 l - an amulet of regeneration (around neck)
Wands
 q - a wand of iceblast (9/15)
 A - a wand of disintegration (13/24)
Scrolls
 g - 3 scrolls of fear {unknown}
 h - 4 scrolls of teleportation {unknown}
 i - 2 scrolls of enchant weapon {unknown}
 j - a scroll of amnesia {unknown}
 k - 3 scrolls of blinking {unknown}
 o - a scroll of immolation {unknown}
 p - 4 scrolls of remove curse {unknown}
 x - a scroll of random uselessness {unknown}
 y - 2 scrolls of enchant armour {unknown}
 E - a scroll of silence {unknown}
Potions
 d - a potion of might
 e - 2 potions of cancellation
 m - a potion of invisibility
 n - 3 potions of heal wounds
 s - a potion of curing
 t - a potion of ambrosia
 u - 3 potions of lignification
Comestibles
 f - 3 bread rations
 v - 4 royal jellies
 w - a chunk of flesh
 z - 5 fruits
 C - a meat ration


   Skills:
 - Level 3.2 Fighting
 + Level 8.8 Axes
 + Level 5.2 Armour
 - Level 9.8 Shields


You had 8 spell levels left.
You didn't know any spells.

Dungeon Overview and Level Annotations

Branches:
Dungeon (8/15)             Temple (1/1) D:4
   Lair: D:8-11

Altars:
Ashenzari
Cheibriados
Dithmenos
Elyvilon
Fedhas
Gozag
Hepliaklqana
Kikubaaqudgha
Makhleb
Nemelex Xobeh
Qazlal
Ru
Sif Muna
Trog
Uskayaw
Vehumet
Wu Jian
Xom
Yredelemnul
Zin
The Shining One

Annotations:
D:3 Avack's ghost, amateur KoCj


Innate Abilities, Weirdness & Mutations

You cannot be hasted, slowed, berserked, paralysed or teleported.
You can dig through walls and to a lower floor.
Your four strong arms can wield two-handed weapons with a shield.
You have a pair of large antennae on your head. (SInv)
You have sharp fingernails.
Armour fits poorly on your strangely shaped body.
You are frail. (-10% HP)
You have an increased reservoir of magic. (+10% MP)


Message History

You are too injured to fight recklessly!
You are too injured to fight recklessly!
You are too injured to fight recklessly!
You are too injured to fight recklessly!
You are too injured to fight recklessly!
You are too injured to fight recklessly!
You are too injured to fight recklessly!
You slash the two-headed ogre!
The two-headed ogre is severely wounded.
You hit the leopard gecko skeleton. You block the two-headed ogre's attack.
The two-headed ogre hits you with a giant club!
The leopard gecko skeleton closely misses you.
You hit the two-headed ogre.
The two-headed ogre is severely wounded.
You hit the leopard gecko skeleton.
You destroy the leopard gecko skeleton!
Makhleb accepts your kill. You block the two-headed ogre's attack.
The two-headed ogre hits you with a giant club!
You die...

## .. .#
.#
####.####
##..<....#
#...@.##.#
#...O.#
#.....#
#.....#
#.....#
##^....
######


You could see a two-headed ogre.

Vanquished Creatures
  A hippogriff (D:7)
  Sigmund (D:6)
  2 sky beasts (D:5)
  A phantom (D:7)
  An ogre (D:6)
  3 centaurs
  5 bullfrogs
  2 howler monkeys
  2 hounds
  A gnoll shaman (D:5)
  2 centaur skeletons
  3 bullfrog skeletons
  An orc priest (D:2)
  3 iguanas
  5 worker ants
  A hound zombie (D:6)
  A hound skeleton (D:4)
  A worker ant zombie (D:7)
  11 adders
  11 gnolls
  A howler monkey skeleton (D:5)
  A shadow imp (D:6)
  An ooze (D:1)
  5 worms
  A dart slug (D:3)
  4 leopard geckos
  6 orcs
  2 giant cockroaches
  4 goblins
  5 hobgoblins
  3 jackals (D:5)
  6 kobolds
  5 quokkas
  7 bats
  7 frilled lizards
  A jackal skeleton (D:7)
  4 leopard gecko skeletons
  A quokka skeleton (D:4)
  2 rats
124 creatures vanquished.

Notes
Turn   | Place    | Note
-------+----------+-------------------------------------------
     0 | D:1      | Duffy the Formicid Fighter began the quest for the Orb.
     0 | D:1      | Reached XP level 1. HP: 18/18 MP: 1/1
    66 | D:1      | Reached XP level 2. HP: 24/24 MP: 2/2
    69 | D:1      | Reached skill level 4 in Shields
   666 | D:2      | Reached XP level 3. HP: 29/29 MP: 3/3
  1038 | D:2      | Found a white marble altar of Elyvilon.
  1287 | D:2      | Reached skill level 5 in Shields
  1287 | D:2      | Reached XP level 4. HP: 29/35 MP: 4/4
  1355 | D:3      | Noticed Avack's ghost (amateur KoCj)
  1458 | D:3      | Reached XP level 5. HP: 24/41 MP: 5/5
  1719 | D:4      | Reached XP level 6. HP: 46/47 MP: 6/6
  1788 | D:4      | Reached skill level 6 in Shields
  1834 | D:4      | Found a staircase to the Ecumenical Temple.
  1843 | Temple   | Entered the Ecumenical Temple
  2014 | Temple   | Became a worshipper of Makhleb the Destroyer
  2362 | D:4      | Reached skill level 5 in Axes
  2362 | D:4      | Reached XP level 7. HP: 47/52 MP: 7/7
  2621 | D:5      | Entered Level 5 of the Dungeon
  2645 | D:5      | Reached skill level 7 in Shields
  2649 | D:5      | Gained mutation: Armour fits poorly on your strangely shaped body. [mutagenic meat]
  2650 | D:5      | Gained mutation: You are frail. (-10% HP) [mutagenic meat]
  2651 | D:5      | Gained mutation: Your body sometimes deteriorates upon taking damage. [mutagenic meat]
  2652 | D:5      | Gained mutation: You have sharp fingernails. [mutagenic meat]
  2788 | D:5      | Found a blossoming altar of Fedhas.
  3262 | D:5      | Reached XP level 8. HP: 37/52 MP: 8/8
  3323 | D:5      | Found an ancient bone altar of Kikubaaqudgha.
  3396 | D:5      | Reached skill level 8 in Shields
  3399 | D:5      | Reached * piety under Makhleb
  3835 | D:6      | Noticed Sigmund
  3849 | D:6      | Killed Sigmund
  3952 | D:6      | Reached skill level 9 in Shields
  4227 | D:6      | Reached XP level 9. HP: 48/57 MP: 9/9
  4462 | D:7      | Found a sacrificial altar of Ru.
  4472 | D:7      | Found a sparkling altar of Nemelex Xobeh.
  4625 | D:7      | Noticed a hippogriff
  4633 | D:7      | Killed a hippogriff
  4924 | D:7      | Reached ** piety under Makhleb
  4924 | D:7      | Reached skill level 5 in Armour
  5041 | D:7      | Found a shattered altar of Ashenzari.
  5044 | D:7      | Found a white marble altar of Elyvilon.
  5155 | D:7      | Lost mutation: Armour fits poorly on your strangely shaped body. [potion of mutation]
  5155 | D:7      | Lost mutation: Your body sometimes deteriorates upon taking damage. [potion of mutation]
  5155 | D:7      | Lost mutation: You are frail. (-10% HP) [potion of mutation]
  5155 | D:7      | Gained mutation: Armour fits poorly on your strangely shaped body. [potion of mutation]
  5155 | D:7      | Gained mutation: You are frail. (-10% HP) [potion of mutation]
  5155 | D:7      | Gained mutation: You have an increased reservoir of magic. (+10% MP) [potion of mutation]
  5165 | D:8      | Noticed a two-headed ogre
  5170 | D:8      | HP: 1/57 [two-headed ogre/giant spiked club (14)]
  5171 | D:8      | Mangled by a two-headed ogre

Vault maps used:
D:1:      eino_arrival_druids_welcome, minmay_pentomino_t2
D:2:      elyvilon_altar_5
D:3:      okawaru_altar_gauntlet_db
D:4:      minmay_temple_entry_glassed_door
D:5:      kennysheep_mini, first_bread, serial_co_window_serial,
          co_window_paths_a, co_window_paths_a, co_window_corner_a,
          co_window_paths_a, co_window_corner_a, co_window_corner_b,
          co_window_of_opportunity_c, co_window_corner_b, co_window_corner_b,
          glass_columns_a, minivault_26, fedhas_altar_fruit_tree
D:6:      uniq_sigmund
D:7:      nicolae_overflow_hidden_temple
D:8:      uniq_gastronok, uniq_maurice
Temple:   regret_index_temple_sphere_string

Skill      XL: |  1  2  3  4  5  6  7  8  9 |
---------------+----------------------------+-----
Shields        | 4 5 6 7 9 |  9.8
Axes           | 3 4 5 6 7 8 |  8.8
Armour         | 5 |  5.2
Fighting       | |  3.2

Action                   |  1- 3 |  4- 6 |  7- 9 || total
-------------------------+-------+-------+-------++-------
Melee: War axe           |   117 |   128 |   317 ||   562
 Abil: Dig               |       |       |     7 ||     7
  Use: Scroll            |       |       |     6 ||     6
       Potion            |       |       |     4 ||     4
  Eat: Chunk             |     1 |     4 |    14 ||    19
Armor: Scale mail        |    79 |    38 |    90 ||   207
       Chain mail        |       |       |     5 ||     5
Dodge: Dodged            |    49 |    31 |   110 ||   190
Block: Shield            |    72 |    68 |   174 ||   314
